 Dungeon Crawl Stone Soup version 0.28-a0-535-g6f645e4c1d (webtiles) character file.

Game seed: 5233935978232508987

56 tatocazan the Skirmisher (level 3, 29/29 HPs)
             Began as a Demonspawn Fighter on Sept 26, 2021.
             Quit the game on level 2 of the Dungeon.
             The game lasted 00:00:43 (868 turns).

tatocazan the Skirmisher (Demonspawn Fighter)        Turns: 868, Time: 00:00:43

Health: 29/29      AC:  6    Str: 17    XL:     3   Next: 69%
Magic:  3/3        EV:  9    Int:  9    God:
Gold:   59         SH:  4    Dex: 12    Spells: 2/2 levels left

rFire   . . .      SeeInvis .   a - +0 war axe
rCold   . . .      Faith    .   c - +0 buckler
rNeg    . . .      Spirit   .   b - +0 scale mail
rPois   .          Reflect  .   (no helmet)
rElec   .          Harm     .   (no cloak)
rCorr   .          Rampage  .   (no gloves)
Will    .....                   (no boots)
Stlth   ..........              (no amulet)
HPRegen 0.09/turn               (no ring)
MPRegen 0.16/turn               (no ring)

@: no status effects
A: ignite blood 1, magic regeneration
a: no special abilities


You were on level 2 of the Dungeon.
You visited 1 branch of the dungeon, and saw 2 of its levels.

You collected 59 gold pieces.

Inventory:

Hand Weapons
 a - a +0 war axe (weapon)
Armour
 b - a +0 scale mail (worn)
 c - a +0 buckler (worn)
Wands
 e - a wand of polymorph (10)
Scrolls
 g - a scroll of identify {unknown}
Potions
 d - 2 potions of might
 f - 2 potions of flight {unknown}


   Skills:
 + Level 3.5 Fighting
 + Level 2.3 Axes
 + Level 3.1 Armour
 + Level 3.1 Shields


You had 2 spell levels left.
You didn't know any spells.
Your spell library was empty.

Dungeon Overview and Level Annotations

Branches:
Dungeon (2/15)

Altars:


Innate Abilities, Weirdness & Mutations

Your demonic aura sometimes causes spilled blood to erupt in flames.
You regenerate magic rapidly.


Message History

You miss the hound. You block the hound's attack. x2
You hit the hound but do no damage. The hound barely misses you.
The hound closely misses you.
You barely miss the hound.
The hound bites you but does no damage. x2
You slash the hound!
The hound is heavily wounded.
You block the hound's attack. The hound bites you but does no damage.
You barely miss the hound.
The hound is heavily wounded.
The hound bites you. The hound closely misses you.
You take 4 damage, and have 20/24 hp.
You closely miss the hound.
The hound is heavily wounded.
The hound closely misses you. You block the hound's attack.
The hound bites you but does no damage.
You miss the hound.
The hound is heavily wounded.
The hound bites you. The hound barely misses you.
You take 1 damage, and have 19/24 hp.
You barely miss the hound.
The hound is heavily wounded.
You block the hound's attack. The hound bites you.
You take 1 damage, and have 18/24 hp.
You hit the hound.
The hound is severely wounded.
The hound is engulfed in blazing flames.
You kill the hound!
You have reached level 3!
Your experience leads to an increase in your attributes!
Increase (S)trength, (I)ntelligence, or (D)exterity?
You feel stronger.
Your demonic ancestry asserts itself...
Your magic begins to regenerate rapidly.
You regained 4 hp, and now have 22/29 hp.
MP restored: 3 You start resting.
HP restored.
Health restored: 29 You start waiting.
Done waiting.
Are you sure you want to abandon this character and quit the game? (Confirm with "yes".)

....?......#
...........#
...........#
...........#
...........#
.........?.#
...........#
#......@...#
...........#
.....[..<..#
.#####+#####


There were no monsters in sight!

Vanquished Creatures
  A hound (D:2)
  A gnoll (D:1)
  A dart slug (D:1)
  4 bats (D:1)
  3 endoplasms (D:1)
  A goblin (D:1)
  2 hobgoblins (D:1)
  2 ball pythons (D:1)
  A rat (D:1)
16 creatures vanquished.

Notes
Turn   | Place    | Note
-------+----------+-------------------------------------------
     0 | D:1      | tatocazan the Demonspawn Fighter began the quest for the
                  | Orb.
     0 | D:1      | Reached XP level 1. HP: 18/18 MP: 1/1
   159 | D:1      | Found a faded altar of an unknown god.
   166 | D:1      | Gained mutation: Your demonic aura sometimes causes spilled
                  | blood to erupt in flames. [demonic ancestry]
   166 | D:1      | Reached XP level 2. HP: 24/24 MP: 2/2
   694 | D:2      | Gained mutation: You regenerate magic rapidly. [demonic
                  | ancestry]
   694 | D:2      | Reached XP level 3. HP: 22/29 MP: 3/3
   868 | D:2      | Quit the game

Illustrated notes

Levels and vault maps discovered:
D:1:      minmay_arrival_stone_box, layout_basic,
          hellmonk_ecumenical_altar_blasted, dk_noncrumbling_3,
          minmay_tromino_v4_b
D:2:      layout_basic

Skill      XL: |  1  2 |
---------------+-------+-----
Axes           | 2 |  2.3
Shields        | 3 |  3.1
Armour         | 3 |  3.1
Fighting       | |  3.5

Action                   || total
-------------------------++-------
Melee: War axe           ||    40
Armor: Scale mail        ||    26
Dodge: Dodged            ||    20
Block: Buckler           ||    12

Table legend: (Time is in decaauts)
 A = Elapsed time spent in this place.
 B = Non-inter-level travel time spent in this place.
 C = Inter-level travel time spent in this place.
 D = Time resting spent in this place.
 E = Time spent auto-exploring this place.
 F = Levels seen in this place.
 G = Mean time per level.
                   A        B        C        D        E       F      G
               +--------+--------+--------+--------+--------+-----+--------+
         Total |    885 |    872 |     13 |    174 |    590 |   2 |  442.5 |
       Dungeon |    885 |    872 |     13 |    174 |    590 |   2 |  442.5 |
               +--------+--------+--------+--------+--------+-----+--------+

Top non-repeatable levels by time:
     D:1: 692 daAuts
     D:2: 192 daAuts
